TOP OF THE 1ST |
Pawtucket Red Sox batting - Pitching for Round Rock Express : RHP Roberto Reyes
|
Pitching: RHP Roberto Reyes
|
|
Batting: LHB Dave Reyes
|
0-0: Ball 1-0: Ground out 5-3 (Groundball, 56, EV 84.4 MPH)
|
Batting: RHB Dan Friess
|
0-0: Ball 1-0: Called Strike 1-1: Swinging Strike 1-2: Ground out 6-3 (Groundball, 6, EV 93.1 MPH)
|
Batting: LHB Brian Gray
|
0-0: Ball 1-0: Called Strike 1-1: Swinging Strike 1-2: Ball 2-2: Strikes out swinging
|
Top of the 1st over - 0 runs, 0 hits, 0 errors, 0 left on base; Pawtucket 0 - Round Rock 0 |
BOTTOM OF THE 1ST |
Round Rock Express batting - Pitching for Pawtucket Red Sox : RHP Jon Mercado
|
Pitching: RHP Jon Mercado
|
|
Batting: LHB Josh Stuck
|
0-0: Foul Ball, location: 2F 0-1: Ball 1-1: Foul Ball, location: 2F 1-2: Strikes out looking
|
Batting: RHB Rodolfo Contreras
|
0-0: Ball 1-0: Ground out 4-3 (Groundball, 34D, EV 85.0 MPH)
|
Batting: LHB Cooper Broomhall
|
0-0: Called Strike 0-1: SINGLE (Line Drive, 78S, EV 103.1 MPH)
|
Batting: LHB Jeff Densmore
|
0-0: Ball 1-0: Ball 2-0: Called Strike 2-1: Fly out, F7 (Flyball, 7, EV 85.6 MPH)
|
Bottom of the 1st over - 0 runs, 1 hit, 0 errors, 1 left on base; Pawtucket 0 - Round Rock 0 |
TOP OF THE 2ND |
Pawtucket Red Sox batting - Pitching for Round Rock Express : RHP Roberto Reyes
|
Batting: SHB Ben Ervin
|
0-0: Ball 1-0: Ball 2-0: Ground out 2-3 (Groundball, 2R, EV 66.9 MPH)
|
Batting: SHB Willie Koviak
|
0-0: Foul Ball, location: 2F 0-1: Ball 1-1: Called Strike 1-2: Strikes out swinging
|
Batting: LHB John Bailey
|
0-0: Called Strike 0-1: Foul Ball, location: 2F 0-2: Ball 1-2: Ball 2-2: Ball 3-2: Base on Balls
|
Batting: RHB Ernie Genier
|
0-0: Foul Ball, location: 2F 0-1: Ground out 4-3 (Groundball, 34, EV 82.5 MPH)
|
Top of the 2nd over - 0 runs, 0 hits, 0 errors, 1 left on base; Pawtucket 0 - Round Rock 0 |
BOTTOM OF THE 2ND |
Round Rock Express batting - Pitching for Pawtucket Red Sox : RHP Jon Mercado
|
Batting: LHB Tim Olsen
|
0-0: Ground out 6-3 (Groundball, 4M, EV 85.6 MPH)
|
Batting: RHB Bobby Keithley
|
0-0: Foul Ball, location: 2F 0-1: Called Strike 0-2: Ball 1-2: Ground out 4-3 (Groundball, 4M, EV 86.2 MPH)
|
Batting: RHB Ivan Colon
|
0-0: Ball 1-0: Fly out, F8 (Flyball, 8LM, EV 80.6 MPH)
|
Bottom of the 2nd over - 0 runs, 0 hits, 0 errors, 0 left on base; Pawtucket 0 - Round Rock 0 |
TOP OF THE 3RD |
Pawtucket Red Sox batting - Pitching for Round Rock Express : RHP Roberto Reyes
|
Batting: RHB Xavier Joslin
|
0-0: Ball 1-0: Foul Ball, location: 2F 1-1: Ball 2-1: Foul Ball, location: 2F 2-2: Strikes out swinging
|
Batting: RHB Brandon Perris
|
0-0: Called Strike 0-1: Foul Ball, location: 2F 0-2: Foul Ball, location: 2F 0-2: Ball 1-2: Ball 2-2: Ground out U3 (Groundball, 34S, EV 86.9 MPH)
|
Batting: LHB Dave Reyes
|
0-0: Called Strike 0-1: Ball 1-1: Ball 2-1: Swinging Strike 2-2: Strikes out swinging
|
Top of the 3rd over - 0 runs, 0 hits, 0 errors, 0 left on base; Pawtucket 0 - Round Rock 0 |
BOTTOM OF THE 3RD |
Round Rock Express batting - Pitching for Pawtucket Red Sox : RHP Jon Mercado
|
Batting: RHB Carlos Lopez
|
0-0: Ball 1-0: Foul Ball, location: 2F 1-1: Ground out 5-3 (Groundball, 5, EV 90.0 MPH)
|
Batting: SHB Alvare Bairro
|
0-0: Called Strike 0-1: Ball 1-1: Ball 2-1: Fly out, F7 (Line Drive, 7, EV 104.4 MPH)
|
Batting: LHB Josh Stuck
|
0-0: Called Strike 0-1: Called Strike 0-2: Foul Ball, location: 2F 0-2: Ball 1-2: Strikes out looking
|
Bottom of the 3rd over - 0 runs, 0 hits, 0 errors, 0 left on base; Pawtucket 0 - Round Rock 0 |
TOP OF THE 4TH |
Pawtucket Red Sox batting - Pitching for Round Rock Express : RHP Roberto Reyes
|
Batting: RHB Dan Friess
|
0-0: Ball 1-0: Ball 2-0: Ball 3-0: Called Strike 3-1: Foul Ball, location: 2F 3-2: Strikes out swinging
|
Batting: LHB Brian Gray
|
0-0: Ball 1-0: Ball 2-0: Called Strike 2-1: Swinging Strike 2-2: Ball 3-2: Foul Ball, location: 2F 3-2: Foul Ball, location: 2F 3-2: Ground out U3 (Groundball, 3L, EV 89.4 MPH)
|
Batting: SHB Ben Ervin
|
0-0: Called Strike 0-1: Ball 1-1: Called Strike 1-2: Strikes out looking
|
Top of the 4th over - 0 runs, 0 hits, 0 errors, 0 left on base; Pawtucket 0 - Round Rock 0 |
BOTTOM OF THE 4TH |
Round Rock Express batting - Pitching for Pawtucket Red Sox : RHP Jon Mercado
|
Batting: RHB Rodolfo Contreras
|
0-0: Ball 1-0: Ball 2-0: Swinging Strike 2-1: Fly out, F6 (Popup, 6, EV 67.5 MPH)
|
Batting: LHB Cooper Broomhall
|
0-0: SOLO HOME RUN (Flyball, 89XD, EV 102.5 MPH), Distance : 402 ft
|
Batting: LHB Jeff Densmore
|
0-0: Ball 1-0: Ball 2-0: Called Strike 2-1: Called Strike 2-2: Foul Ball, location: 2F 2-2: Ball 3-2: Base on Balls
|
Batting: LHB Tim Olsen
|
0-0: Ball Jeff Densmore steals 2nd base 1-0: Foul Ball, location: 2F 1-1: Ball 2-1: Called Strike 2-2: Strikes out swinging
|
Batting: RHB Bobby Keithley
|
0-0: Ball 1-0: Ball 2-0: Ball 3-0: Called Strike 3-1: Foul Ball, location: 2F 3-2: Ground out 6-3 (Groundball, 6, EV 86.9 MPH)
|
Bottom of the 4th over - 1 run, 1 hit, 0 errors, 1 left on base; Pawtucket 0 - Round Rock 1 |
TOP OF THE 5TH |
Pawtucket Red Sox batting - Pitching for Round Rock Express : RHP Roberto Reyes
|
Batting: SHB Willie Koviak
|
0-0: Fly out, F7 (Flyball, 78M, EV 81.2 MPH)
|
Batting: LHB John Bailey
|
0-0: SOLO HOME RUN (Flyball, 9D, EV 98.8 MPH), Distance : 380 ft
|
Batting: RHB Ernie Genier
|
0-0: Ball 1-0: Called Strike 1-1: Swinging Strike 1-2: Strikes out swinging
|
Batting: RHB Xavier Joslin
|
0-0: Called Strike 0-1: Swinging Strike 0-2: Foul Ball, location: 2F 0-2: Fly out, F7 (Flyball, 7LSF, EV 90.0 MPH)
|
Top of the 5th over - 1 run, 1 hit, 0 errors, 0 left on base; Pawtucket 1 - Round Rock 1 |
BOTTOM OF THE 5TH |
Round Rock Express batting - Pitching for Pawtucket Red Sox : RHP Jon Mercado
|
Batting: RHB Ivan Colon
|
0-0: Ball 1-0: Ground out 6-3 (Groundball, 56D, EV 103.1 MPH)
|
Batting: RHB Carlos Lopez
|
0-0: Ground out 6-3 (Groundball, 6, EV 88.1 MPH)
|
Batting: SHB Alvare Bairro
|
0-0: Foul Ball, location: 2F 0-1: Ball 1-1: Ball 2-1: Ground out 4-3 (Groundball, 34, EV 101.9 MPH)
|
Bottom of the 5th over - 0 runs, 0 hits, 0 errors, 0 left on base; Pawtucket 1 - Round Rock 1 |
TOP OF THE 6TH |
Pawtucket Red Sox batting - Pitching for Round Rock Express : RHP Roberto Reyes
|
Batting: RHB Brandon Perris
|
0-0: Swinging Strike 0-1: Swinging Strike 0-2: Ball 1-2: Ball 2-2: Ball 3-2: Strikes out swinging
|
Batting: LHB Dave Reyes
|
0-0: Called Strike 0-1: Ball 1-1: Ball 2-1: Ball 3-1: Foul Ball, location: 2F 3-2: Foul Ball, location: 2F 3-2: Strikes out swinging
|
Batting: RHB Dan Friess
|
0-0: Ball 1-0: Ball 2-0: Ball 3-0: Called Strike 3-1: Foul Ball, location: 2F 3-2: Foul Ball, location: 2F 3-2: Base on Balls
|
Batting: LHB Brian Gray
|
0-0: Called Strike 0-1: Called Strike 0-2: Ball 1-2: Ball 2-2: Ground out U3 (Groundball, 3L, EV 108.1 MPH)
|
Top of the 6th over - 0 runs, 0 hits, 0 errors, 1 left on base; Pawtucket 1 - Round Rock 1 |
BOTTOM OF THE 6TH |
Round Rock Express batting - Pitching for Pawtucket Red Sox : RHP Jon Mercado
|
Batting: LHB Josh Stuck
|
0-0: Called Strike 0-1: Ball 1-1: Ball 2-1: DOUBLE (Flyball, 8RXD, EV 96.9 MPH)
|
Batting: RHB Rodolfo Contreras
|
0-0: Swinging Strike 0-1: Ball 1-1: Ball Josh Stuck steals 3rd base 2-1: Swinging Strike 2-2: Strikes out swinging
|
Batting: LHB Cooper Broomhall
|
0-0: Foul Ball, location: 2F 0-1: Ball 1-1: Ground out 6-3 (Groundball, 6, EV 102.5 MPH)
|
Batting: LHB Jeff Densmore
|
0-0: Fly out, F4 (Popup, 4, EV 75.6 MPH)
|
Bottom of the 6th over - 0 runs, 1 hit, 0 errors, 1 left on base; Pawtucket 1 - Round Rock 1 |
TOP OF THE 7TH |
Pawtucket Red Sox batting - Pitching for Round Rock Express : RHP Roberto Reyes
|
Batting: SHB Ben Ervin
|
0-0: Swinging Strike 0-1: Ball 1-1: Ball 2-1: Ball 3-1: Foul Ball, location: 2F 3-2: Foul Ball, location: 2F 3-2: Ground out U3 (Groundball, 3, EV 85.0 MPH)
|
Pitching: LHP Jon Valdovinos
|
|
Batting: SHB Willie Koviak
|
0-0: Ball 1-0: Ground out 6-3 (Groundball, 6, EV 106.9 MPH)
|
Pinch Hitting: RHB Eric Garrett
|
0-0: Ball 1-0: Ball 2-0: Foul Ball, location: 2F 2-1: Swinging Strike 2-2: Ball 3-2: Base on Balls
|
Batting: RHB Ernie Genier
|
0-0: Ball Wild Pitch! Eric Garrett to second 1-0: Ground out 6-3 (Groundball, 6, EV 83.1 MPH)
|
Top of the 7th over - 0 runs, 0 hits, 0 errors, 1 left on base; Pawtucket 1 - Round Rock 1 |
BOTTOM OF THE 7TH |
Round Rock Express batting - Pitching for Pawtucket Red Sox : RHP Jon Mercado
|
Now at 2B: Ben Ervin
|
|
Now in RF: Eric Garrett
|
|
Batting: LHB Tim Olsen
|
0-0: Ground out 6-3 (Groundball, 4, EV 103.1 MPH)
|
Batting: RHB Bobby Keithley
|
0-0: Ball 1-0: Ball 2-0: Called Strike 2-1: Ball 3-1: Base on Balls
|
Batting: RHB Ivan Colon
|
0-0: Foul Ball, location: 2F 0-1: Swinging Strike 0-2: Ball 1-2: Ball 2-2: Grounds into double play, 6-4-3 (Groundball, 56, EV 100.0 MPH)
|
Bottom of the 7th over - 0 runs, 0 hits, 0 errors, 0 left on base; Pawtucket 1 - Round Rock 1 |
TOP OF THE 8TH |
Pawtucket Red Sox batting - Pitching for Round Rock Express : LHP Jon Valdovinos
|
Batting: RHB Xavier Joslin
|
0-0: Ball 1-0: Ball 2-0: Ball 3-0: Called Strike 3-1: Swinging Strike 3-2: Strikes out swinging
|
Batting: RHB Brandon Perris
|
0-0: Called Strike 0-1: Ball 1-1: Foul Ball, location: 2F 1-2: Ground out 1-3 (Groundball, 13S, EV 70.0 MPH)
|
Pinch Hitting: RHB Neil Mautone
|
0-0: Called Strike 0-1: Swinging Strike 0-2: Ground out 5-3 (Groundball, 56S, EV 64.4 MPH)
|
Top of the 8th over - 0 runs, 0 hits, 0 errors, 0 left on base; Pawtucket 1 - Round Rock 1 |
BOTTOM OF THE 8TH |
Round Rock Express batting - Pitching for Pawtucket Red Sox : RHP Jon Mercado
|
Now in CF: Mike Jones
|
|
Pinch Hitting: SHB Greg Prime
|
0-0: Called Strike 0-1: Called Strike 0-2: Strikes out swinging
|
Batting: SHB Alvare Bairro
|
0-0: Called Strike 0-1: Ball 1-1: Ball 2-1: Called Strike 2-2: Strikes out swinging
|
Batting: LHB Josh Stuck
|
0-0: Ball 1-0: Ground out 3-1 (Groundball, 34, EV 88.1 MPH)
|
Bottom of the 8th over - 0 runs, 0 hits, 0 errors, 0 left on base; Pawtucket 1 - Round Rock 1 |
TOP OF THE 9TH |
Pawtucket Red Sox batting - Pitching for Round Rock Express : LHP Jon Valdovinos
|
Pitching: RHP Mark Lopez
|
|
Now at 3B: Greg Prime
|
|
Now at SS: Ivan Colon
|
|
Batting: RHB Dan Friess
|
0-0: Ball 1-0: Called Strike 1-1: Ball 2-1: Foul Ball, location: 2F 2-2: Foul Ball, location: 2F 2-2: Ground out 3-1 (Groundball, 34, EV 97.5 MPH)
|
Batting: LHB Brian Gray
|
0-0: Ball 1-0: Foul Ball, location: 2F 1-1: Ball 2-1: Ball 3-1: Foul Ball, location: 2F 3-2: Foul Ball, location: 2F 3-2: Base on Balls
|
Batting: SHB Ben Ervin
|
0-0: Fielders Choice at 2nd, 6-4 (Groundball, 6, EV 86.2 MPH)
|
Batting: SHB Willie Koviak
|
0-0: Called Strike 0-1: Ball 1-1: Ball 2-1: Fly out, F6 (Popup, 6, EV 65.6 MPH)
|
Top of the 9th over - 0 runs, 0 hits, 0 errors, 1 left on base; Pawtucket 1 - Round Rock 1 |
BOTTOM OF THE 9TH |
Round Rock Express batting - Pitching for Pawtucket Red Sox : RHP Jon Mercado
|
Pitching: LHP Mike Nimmo
|
|
Batting: RHB Rodolfo Contreras
|
0-0: Ball 1-0: Ball 2-0: Ball 3-0: Base on Balls
|
Batting: RHB Dale Aubrey
|
0-0: Called Strike 0-1: Swinging Strike 0-2: Strikes out swinging
|
Pinch Hitting: RHB Casey Semenza
|
0-0: Ball 1-0: Called Strike 1-1: Called Strike 1-2: Foul Ball, location: 2F 1-2: Fly out, F3 (Line Drive, 3L, EV 66.9 MPH) Lined into DP, U3 (Line Drive, 3L, EV 68.1 MPH)
|
Bottom of the 9th over - 0 runs, 0 hits, 0 errors, 0 left on base; Pawtucket 1 - Round Rock 1 |
TOP OF THE 10TH |
Pawtucket Red Sox batting - Pitching for Round Rock Express : RHP Mark Lopez
|
Now at 1B: Casey Semenza
|
|
Now in RF: Josh Stuck
|
|
Batting: RHB Eric Garrett
|
0-0: Swinging Strike 0-1: Swinging Strike 0-2: Ball 1-2: Strikes out swinging
|
Batting: RHB Ernie Genier
|
0-0: Called Strike 0-1: Ball 1-1: Swinging Strike 1-2: Foul Ball, location: 2F 1-2: Foul Ball, location: 2F 1-2: SINGLE (Groundball, 4MD, EV 105.6 MPH)
|
Batting: RHB Xavier Joslin
|
0-0: Ball 1-0: Ball 2-0: Called Strike 2-1: Called Strike 2-2: SINGLE (Groundball, 56D, EV 97.5 MPH) Ernie Genier to second
|
Batting: RHB Brandon Perris
|
0-0: Called Strike 0-1: Called Strike 0-2: Strikes out swinging
|
Batting: LHB Mike Jones
|
0-0: 3-RUN HOME RUN (Flyball, 7D, EV 102.5 MPH), Distance : 371 ft
|
Batting: RHB Dan Friess
|
0-0: Foul Ball, location: 2F 0-1: Called Strike 0-2: Strikes out looking
|
Top of the 10th over - 3 runs, 3 hits, 0 errors, 0 left on base; Pawtucket 4 - Round Rock 1 |
BOTTOM OF THE 10TH |
Round Rock Express batting - Pitching for Pawtucket Red Sox : LHP Mike Nimmo
|
Batting: LHB Tim Olsen
|
0-0: Called Strike 0-1: Swinging Strike 0-2: Ball 1-2: Ball 2-2: Ball 3-2: Strikes out swinging
|
Batting: RHB Bobby Keithley
|
0-0: Foul Ball, location: 2F 0-1: Ground out 6-3 (Groundball, 6, EV 86.9 MPH)
|
Batting: RHB Ivan Colon
|
0-0: Ball 1-0: Ball 2-0: Swinging Strike 2-1: Called Strike 2-2: Foul Ball, location: 2F 2-2: Ball 3-2: SINGLE (Line Drive, 9S, EV 85.0 MPH)
|
Batting: SHB Greg Prime
|
0-0: Fielders Choice at 2nd, 6-4 (Groundball, 6, EV 81.9 MPH)
|
Bottom of the 10th over - 0 runs, 1 hit, 0 errors, 1 left on base; Pawtucket 4 - Round Rock 1 |
|